[Event "4NCL Div 2 2024-25"]
[Site "England"]
[Date "2025.01.26"]
[Round "4.1"]
[White "Khoury, Theo"]
[Black "Rees, Ioan"]
[Result "0-1"]
[Annotator "TA"]
[ECO "C01"]
[WhiteElo "2194"]
[BlackElo "2251"]
[PlyCount "82"]
[EventDate "2024.11.23"]
[EventType "team-tourn"]
[EventCountry "ENG"]
[SourceTitle "playchess.com"]
[Source "ChessBase"]
[SourceQuality "1"]
[TimeControl "40/6000+30:3000+30"]

1. e4 e6 2. d4 d5 3. Nc3 Bb4 4. exd5 exd5 5. Bd3 Nf6 6. Nge2 O-O 7. O-O Re8 8. a3 {[%emt 0:00:06] C01: French: Exchange Variation.} Bf8 $1 {[%emt 0:00:11][%mdl 4] outshines the older 8...Bd6.} 9. Bf4 c6 10. Qd2 {[%emt 0:00:10] The position is equal.} Ne4 11. Bxe4 dxe4 12. Rad1 $146 (12. Ng3 f5 13. f3 exf3 14. Rxf3 g6 15. d5 Bg7 16. Kh1 Na6 17. Re1 Rxe1+ 18. Qxe1 Bd7 19. Re3 Qf6 20. Be5 Qf7 21. Bxg7 Qxg7 22. Re7 {1-0 Grigorov,G (2514)-Hilkevich,Z (2022) Titled Tuesday intern op 06th Aug Early blitz 2024 (2)}) 12... Na6 (12... Qb6 $11) 13. Ng3 f5 14. f3 exf3 15. Rxf3 g6 $1 16. d5 Qf6 (16... Bg7 $11 {deserves consideration.}) 17. Bg5 $14 Qg7 18. Nge2 (18. Be3 $16) 18... Nc5 19. d6 ({Better is} 19. Re3 $14 Bd7 20. b4) 19... Bd7 20. Be3 Ne6 21. h4 Nd8 22. h5 Nf7 23. hxg6 hxg6 (23... Nxd6 $2 24. Bd4 Qxg6 25. Rg3 $18) 24. Bf4 (24. Rg3 $11) 24... Re6 25. Rd3 $2 {[%emt 0:02:27] [#] Loses the game.} (25. Rg3 $17) 25... g5 $1 $19 26. Bh2 Rh6 27. Ng3 Bxd6 (27... Rxd6 28. Nxf5 Bxf5 29. Bxd6 (29. Rxd6 $2 Bxd6 30. Bxd6 Rd8 $19) 29... Bxd3 30. Bxf8 Qd4+ (30... Rxf8 31. Qxd3 Re8 32. Qf5 $11) 31. Kh1 $17) 28. Nf1 Bc5+ (28... f4 29. Ne4 Bg4 30. Nxd6 $17) 29. Kh1 Be6 30. Ne2 Re8 ({Less strong is} 30... Qxb2 31. Nc3 $19) 31. Nd4 Bc8 ({Don't take} 31... f4 32. Re1 $19) 32. Re1 Rf8 33. b4 Bb6 {[%emt 0:01:29] Black is clearly winning.} 34. Kg1 f4 35. c3 Bf5 36. Rf3 {[%emt 0:00:19] White is weak on the light squares} Ne5 37. Rf2 Ng4 38. Rfe2 Bg6 {[%emt 0:01:05] and ...Qh8 should not be overlooked} 39. Re7 Rf7 40. Re8+ {[%emt 0:00:29] [#]} Kh7 $1 41. R1e6 Rd7 {[%emt 0:22:36] Weighted Error Value: White=0.51/Black=0.22 (precise)   Loses game:     	White=1     	---        Mistake:       	White=3     	Black=2      Inaccurate:     	White=3     	Black=3      OK:         	White=4     	Black=12     Strong:       	---       	Black=3} 0-1

[Event "4NCL Div 2 2024-25"]
[Site "England"]
[Date "2025.01.26"]
[Round "4.2"]
[White "Jones, Steven A"]
[Black "Hobson, Kenneth"]
[Result "0-1"]
[Annotator "TA"]
[ECO "C44"]
[WhiteElo "2175"]
[BlackElo "2152"]
[PlyCount "100"]
[EventDate "2024.11.23"]
[EventType "team-tourn"]
[EventCountry "ENG"]
[SourceTitle "playchess.com"]
[Source "ChessBase"]
[SourceQuality "1"]
[TimeControl "40/6000+30:3000+30"]

1. e4 e5 2. Nf3 Nc6 3. c3 d5 4. Qa4 Bd7 5. exd5 Nd4 6. Qd1 Nxf3+ 7. Qxf3 Nf6 8. Bc4 e4 9. Qe2 {[%emt 0:00:06] C44: Ponziani Opening and Scotch Gambit.} Bd6 {[%emt 0:04:11] Black sacrificed a pawn} 10. d4 h6 11. h3 {[%emt 0:02:09] White is slightly better.} Qe7 (11... O-O $14 {should be considered.}) 12. Be3 O-O $146 (12... O-O-O 13. Nd2 Nh7 14. g4 g6 15. O-O-O f5 16. gxf5 gxf5 17. Nb3 f4 18. Bd2 Ng5 {1-0 Sedina,E (2337)-Motycakova,M (2121) Mitropa Cup (Women) 2012 (2)}) 13. Nd2 Nh7 14. g4 a5 15. Bb3 Kh8 ({Black should play} 15... a4 $11 16. Bc2 f5) 16. Bc2 $14 f5 17. gxf5 Bxf5 18. Qh5 (18. c4 $14) 18... Rae8 $11 19. O-O-O b5 {[%emt 0:01:16] [#]} (19... Qd7 $1 $11) 20. Rde1 (20. Nb3 $1 $16) 20... Qd7 $1 $15 21. Rhg1 Nf6 22. Qh4 Nxd5 23. Nxe4 Bxe4 (23... Bh2 $11 24. Rh1 Bxe4 25. Bxe4 (25. Rxh2 $2 Bxc2 26. Kxc2 b4 $19) 25... Bf4) 24. Bxe4 $16 {[%emt 0:09:57] [#] White wants to mate with Bxh6.} Nf4 25. Bg6 {[%emt 0:08:50] This pair of bishops is nice.} (25. f3 $16) 25... Re6 (25... Nxg6 $11 26. Rxg6 Rf3) 26. Bc2 Ref6 27. Bxf4 Bxf4+ {[%emt 0:00:05] Black is weak on the light squares} 28. Kb1 b4 $1 29. cxb4 axb4 30. Re4 Bd6 31. Rg2 Qb5 32. Re1 {[%emt 0:01:07] and Qe4 would now be decisive Prevents Qf1} Qd7 (32... Rf4 $11 {remains equal.} 33. Qg3 g5) 33. Qe4 g5 $1 34. Qd3 Rf3 35. Qg6 ({Better is} 35. Re3 $14 Rxf2 36. Rxf2 Rxf2 37. Ka1) 35... Qg7 (35... Rxh3 {simplifies} 36. Qe4 Qe7 37. a4 Qxe4 38. Bxe4 b3) 36. Qh5 Rxf2 37. Rxf2 Rxf2 38. h4 g4 $40 {[%emt 0:01:10][%cal Od6f8][%mdl 128] Black is up to no good.} 39. Bf5 $1 g3 {[%emt 0:01:07][%cal Og3g2] Opposite bishops and equal position Active counter play!} (39... Qxd4 40. Re8+ (40. Bxg4 $2 Qxb2#)) 40. Re6 $1 Rf1+ (40... Qxd4 41. Re8+ (41. Rxh6+ Kg7 42. Qg5+ Kf7 43. Rh7+ Qg7 44. Qxg7+ Ke8 45. Rh8+ Bf8 46. Rxf8#)) 41. Kc2 Bf8 $1 {[%emt 0:27:38] Dancing on a razor blade.} (41... Qxd4 42. Re8+ (42. Rxh6+ Kg7 43. Qg5+ Kf7 44. Rh7+ Qg7 45. Qxg7+ Ke8 46. Rh8+ Bf8 47. Rxf8#)) 42. Rg6 Qh7 {[%emt 0:00:49][%cal Og3g2] and ...g2! would now be decisive} (42... Qxd4 $2 43. Rxh6+ Bxh6 44. Qxh6+ Kg8 45. Be6+ Rf7 46. Qg6+ (46. Bxf7+ Kxf7 47. Qh5+ Kg8 $11) 46... Kh8 47. Qxf7 $18 (47. Bxf7 b3+ 48. Bxb3 Qf2+ 49. Kc3 Qf3+ 50. Kc4 Qf1+ 51. Kc5 Qf8+ 52. Kb5 c6+ 53. Qxc6 Qf1+ 54. Bc4 Qf4 $18)) 43. Bd3 (43. Rxg3 $2 {loses.} Rxf5 (43... Qxf5+ $2 44. Qxf5 Rxf5 45. a4 $19) 44. Qg6 Qxg6 45. Rxg6 Rf4 $19) 43... Rf2+ 44. Kb3 $2 (44. Kc1 $1 $11 {and White stays safe.}) 44... Qf7+ $19 45. Bc4 (45. d5 $142 Bg7 46. Rxh6+ Bxh6 47. Qxh6+ Kg8 48. Bc4) 45... Rf3+ 46. Ka4 Qxc4 47. Rxh6+ Bxh6 48. Qxh6+ Kg8 49. Qg5+ Kf8 {[%emt 0:01:23] ( -> ...b3+)} 50. Qh6+ Ke8 {[%emt 0:02:52] Weighted Error Value: White=0.63/Black=0.19 (very precise)   Loses game:     	White=1     	---        Mistake:       	White=5     	Black=6      Inaccurate:     	White=6     	Black=2      OK:         	White=8     	Black=11     Best:        	White=4     	Black=2      Strong:       	White=2     	Black=4} 0-1

[Event "4NCL Div 2 2024-25"]
[Site "England"]
[Date "2025.01.26"]
[Round "4.3"]
[White "Zakarian, Dimitrios Levon"]
[Black "Blackburn, Jonathan L B"]
[Result "1/2-1/2"]
[Annotator "TA"]
[ECO "A40"]
[WhiteElo "1968"]
[BlackElo "2197"]
[PlyCount "52"]
[EventDate "2024.11.23"]
[EventType "team-tourn"]
[EventCountry "ENG"]
[SourceTitle "playchess.com"]
[Source "ChessBase"]
[SourceQuality "1"]
[TimeControl "40/6000+30:3000+30"]

1. d4 e6 2. Nf3 b6 3. c4 Bb7 4. a3 f5 5. Nc3 Nf6 6. d5 Na6 7. b4 {[%emt 0:05:29] A40: Unusual replies to 1 d4.} Bd6 8. e3 c6 9. Bb2 Qe7 10. Be2 $146 (10. dxc6 dxc6 11. Bd3 Rd8 12. Qb1 Ng4 13. Ne2 c5 14. b5 Nb8 15. e4 Nd7 16. exf5 Bxf3 17. gxf3 Nxh2 {0-1 Banas,J (2171)-Srvatka,I (2149) SVK-chT1W 2324 2023 (7.4)}) 10... O-O 11. O-O Nc7 12. dxe6 dxe6 13. Nd4 c5 14. bxc5 bxc5 15. Ndb5 Nxb5 16. Nxb5 Rad8 (16... Bb8 $142) 17. Nxd6 $1 $11 {[%emt 0:07:21] Successful Defense White. The position is equal.} Rxd6 18. Bxf6 Rxf6 19. Qb3 Rd2 20. Ra2 Rxa2 21. Qxa2 Rg6 22. g3 Qh4 23. f3 $1 e5 24. Qb1 Rxg3+ $1 25. hxg3 Qxg3+ 26. Kh1 {[%emt 0:00:08][%cal Ob1f5] [#] aiming for Qxf5!.} Qh3+ {[%emt 0:01:10] Weighted Error Value: White=0.05 (flawless) /Black=0.05 (flawless)   Mistake:       	---       	Black=1      OK:         	White=6     	Black=8      Strong:       	White=2     	Black=1} 1/2-1/2

[Event "4NCL Div 2 2024-25"]
[Site "England"]
[Date "2025.01.26"]
[Round "4.4"]
[White "Saunders, Aron"]
[Black "Manley, Jon P"]
[Result "0-1"]
[Annotator "TA"]
[ECO "C54"]
[WhiteElo "2106"]
[BlackElo "2072"]
[PlyCount "140"]
[EventDate "2024.11.23"]
[EventType "team-tourn"]
[EventCountry "ENG"]
[SourceTitle "playchess.com"]
[Source "ChessBase"]
[SourceQuality "1"]
[TimeControl "40/6000+30:3000+30"]

1. e4 e5 2. Nf3 Nc6 3. Bc4 Bc5 4. c3 Nf6 5. d3 d6 6. O-O a6 7. a4 {[%emt 0:00:11] 7.Re1 is the recent fashion. C54: Giuoco Piano: 4 c3 Nf6, main lines with 5 d4 and 5 d3.} Ba7 8. Na3 h6 9. Nc2 {[%emt 0:01:30] The position is equal.} O-O 10. Be3 Re8 11. Re1 Be6 12. Bxe6 Rxe6 13. a5 $146 (13. Bxa7 Rxa7 14. d4 exd4 15. Nfxd4 Nxd4 16. Qxd4 Ra8 17. f3 a5 18. Ne3 Qd7 19. Red1 {½-½ So,W (2773)-Mamedyarov,S (2747) Tata Steel-A 78th 2016 (8)}) 13... Qd7 14. c4 Rd8 15. Qd2 Bxe3 16. Nxe3 Ne7 17. Nd5 (17. Rad1) 17... c6 18. Nb6 Qe8 19. Qb4 Ng6 20. Rad1 Re7 21. Qa3 Nf4 22. b4 Ne6 23. Qb2 Nc7 (23... Nd7 $11) 24. Na4 (24. Nh4 $14 {should be considered.}) 24... Ne6 $11 25. Rb1 Nc7 26. h3 Re6 27. Nc3 Re7 28. b5 axb5 29. cxb5 Ra8 30. bxc6 bxc6 31. Qa3 Na6 (31... Qd8 $11) 32. Na4 ({Better is} 32. Qxd6 $16 Rd8 33. Qa3 Rxd3 34. Qb3) 32... c5 33. Nb6 Raa7 34. Nd2 Nb4 35. Rec1 $36 {[%emt 0:00:00][%mdl 2048] Dodges Nc2. White has good play.} Rec7 {[%emt 0:02:35] Prevents Nc8.} 36. Ndc4 Qe6 37. Ne3 Rcb7 38. Rxb4 cxb4 39. Qxb4 Qa2 $2 (39... Nh5 $11 {and Black has nothing to worry.}) 40. Qxd6 $18 Qxa5 (40... Kh7 $142) 41. Nf5 $1 {[%emt 0:27:58] Intending Rc8+ and mate.} Qxb6 $2 (41... Rxb6 $2 42. Rc8+ Kh7 43. Qf8 Qe1+ 44. Kh2 $18) (41... Kh7 $18 42. Qf8 Nh5) 42. Rc8+ Kh7 {[%emt 0:00:29] [#]} 43. Rh8+ $3 Kg6 {[%emt 0:00:09] [#]} 44. Rxh6+ $2 gxh6 $11 45. Qf8 $1 Qb1+ $2 (45... Ra1+ $11 46. Kh2 Ng4+ (46... Qxf2 47. Qxh6#) 47. hxg4 Kg5 (47... Qxf2 48. Qxh6#)) 46. Kh2 Ng4+ 47. hxg4 f6 48. Qxh6+ $2 (48. Qg8+ $1 {mates} Rg7 49. Nh4+ Kg5 50. Qe6 Qh1+ 51. Kxh1 Ra1+ 52. Kh2 Rh1+ 53. Kg3 (53. Kxh1 Kxh4 54. g3+ Kh3 55. g5+ f5 56. Qxf5#) 53... Rh3+ 54. gxh3 h5 55. Qf5+ Kh6 56. Qxh5#) 48... Kf7 49. Qg7+ (49. Qh5+ $11 {remains equal.} Kg8 50. Qg6+ Rg7 51. Nxg7 Rxg7 52. Qe8+ Kh7 53. Qh5+ Kg8 54. Qe8+) 49... Ke6 $17 50. Qg8+ {[%emt 0:00:05] [#]} Kd7 $1 51. Qd5+ Kc8 52. Qg8+ Kc7 53. Qf7+ Kb6 54. Qxf6+ Ka5 55. Qxe5+ Rb5 (55... Ka4 $17 56. Qd4+ Ka3) 56. Qc3+ $11 Ka4 $2 (56... Qb4 $15 57. Qa1+ Kb6 58. Qf6+ Kc7) 57. Nd4 $2 {[%emt 0:01:16] [#]} (57. Qd4+ $18 Kb3 58. Qxa7) 57... Rh7+ (57... Rbb7 $1 $17 {[%cal Rb7h7] White must now prevent ...Rh7+.} 58. Ne6 Rh7+ 59. Kg3 Qb8+ 60. Nf4 Qb4 61. Qc2+ Ka3 62. Qc1+ Qb2 63. Qc5+ Ka2) 58. Kg3 Rbb7 59. Qc4+ Ka5 60. e5 Rhc7 61. Qd5+ Ka4 62. Nf3 $2 (62. Qe4 $15) 62... Rc2 $2 (62... Rd7 $19 63. Qe4+ Qb4) 63. e6 Re2 ({Black should play} 63... Rc8 $15) 64. Qc4+ (64. Qc6+ $11 Qb5 65. Qxb5+ Rxb5 66. Nd4) 64... Rb4 $17 65. Qa6+ Kb3 66. d4 $2 (66. e7 $17 {was the crucial defense.} Qb2 (66... Rxe7 $2 67. Nd2+ Kc2 68. Nxb1 $18) (66... Qf1 67. Qa7 $15) 67. Qd6) 66... Qc2 67. e7 Rxe7 {[%emt 0:00:20] Black is clearly winning.} (67... Rxf2 $2 {loses.} 68. e8=Q (68. e8=R Rxg2+ 69. Kh3 Qf2 $11) 68... Rxg2+ 69. Kh3 $18) 68. d5 Re2 69. Qa7 Qe4 70. Qg7 Qxd5 {[%emt 0:01:01] Both players deserved the win here.   Weighted Error Value: White=0.42/Black=0.45  Loses game:     	White=2     	Black=3      Missed win:     	White=1     	Black=2      Mistake:       	White=4     	Black=7      Inaccurate:     	White=3     	Black=1      OK:         	White=13    	Black=16     Best:        	White=6     	Black=3      Strong:       	White=1     	Black=1} 0-1

[Event "4NCL Div 2 2024-25"]
[Site "England"]
[Date "2025.01.26"]
[Round "4.5"]
[White "Murawski, Jan"]
[Black "Taylor, William J"]
[Result "1-0"]
[Annotator "TA"]
[ECO "D37"]
[WhiteElo "2065"]
[BlackElo "1994"]
[PlyCount "83"]
[EventDate "2024.11.23"]
[EventType "team-tourn"]
[EventCountry "ENG"]
[SourceTitle "playchess.com"]
[Source "ChessBase"]
[SourceQuality "1"]
[TimeControl "40/6000+30:3000+30"]

1. d4 d5 2. c4 e6 3. Nc3 Nf6 4. Nf3 a6 5. cxd5 exd5 6. Bg5 {[%emt 0:00:04] D37: Queen's Gambit Declined: 5 Bf4.} Be6 7. e3 Nbd7 8. Bd3 {[%emt 0:00:34] White has an edge.} Bd6 9. O-O c6 10. Bf4 Qc7 11. Qd2 $1 {[%emt 0:00:24][%mdl 4] is currently scoring better than 11.Bxd6.} O-O 12. Rfc1 Nb6 $146 (12... Rfe8 13. Na4 Ne4 14. Bxe4 dxe4 15. Ng5 Bxf4 16. exf4 Bd5 17. Rc3 h6 18. Nh3 Nf6 {1-0 Palencia Morales,W (2180)-Matveeva,O (2156) Titled Tuesday intern op 20th Feb Early blitz 2024 (9)}) 13. Bg3 Bxg3 14. hxg3 Nc8 15. Na4 Nd6 16. Qc2 g6 17. Nc5 Bf5 18. Bxf5 Nxf5 19. Ne5 Nd6 20. g4 Nfe4 21. b4 Rfe8 22. a4 f6 23. Nxe4 Nxe4 24. Nd3 Nd6 25. Qc5 (25. Qd1 $1 $11) 25... Qd7 $17 26. Re1 Rad8 27. f3 Re7 28. Qc3 Rde8 29. Nc5 Qc8 30. Ra2 {[%emt 0:01:05] [#]} Kf7 (30... f5 $1 $17 31. gxf5 Nxf5) 31. Rae2 $11 Rh8 ({Black should try} 31... Qd8 $11) 32. e4 $14 dxe4 {[%emt 0:00:13] White has space advantage and is better} 33. Qb3+ (33. g5 $14 fxg5 34. fxe4) 33... Kg7 $11 34. d5 cxd5 35. Qxd5 Nf7 {[%emt 0:00:37][%mdl 8192] [#]} (35... Rd8 $11 {and Black stays safe.}) 36. Rxe4 $18 Rxe4 (36... Ne5 {keeps fighting.} 37. Qd6 (37. g5 Rd8 $18) 37... Qd8 38. Qxd8 (38. Ne6+ Rxe6 39. Qxe6 Re8 $18) 38... Rxd8) 37. Rxe4 ({Less strong is} 37. Nxe4 Re8 38. Qd2 Re7 $14) (37. Qxe4 $142 g5 38. Ne6+ (38. Qxb7 Qxb7 39. Nxb7 Rb8 $16) (38. Nxb7 h5 $18) 38... Kg8 39. f4) 37... b6 $2 (37... Re8 38. Qxb7 (38. Nxb7 Qc1+ 39. Kh2 Qc7+ 40. f4 Rxe4 $18) 38... a5 39. Ne6+ Kg8 40. Qxc8 Rxc8 41. bxa5 Ne5) 38. Re7 bxc5 39. Rxf7+ {[%emt 0:00:24] White mates.} Kh6 40. Qd2+ g5 41. Rxf6+ Kg7 42. Qxg5# {[%emt 0:00:03] Weighted Error Value: White=0.27 (precise) /Black=0.61  Loses game:     	---       	Black=1      Mistake:       	White=3     	Black=4      Inaccurate:     	White=4     	Black=3      OK:         	White=10    	Black=11     Best:        	White=2     	Black=3} 1-0

[Event "4NCL Div 2 2024-25"]
[Site "England"]
[Date "2025.01.26"]
[Round "4.6"]
[White "Turner, Lewis A"]
[Black "Udovenko, Daniel"]
[Result "0-1"]
[Annotator "TA"]
[ECO "B90"]
[WhiteElo "1984"]
[BlackElo "1941"]
[PlyCount "92"]
[EventDate "2024.11.23"]
[EventType "team-tourn"]
[EventCountry "ENG"]
[SourceTitle "playchess.com"]
[Source "ChessBase"]
[SourceQuality "1"]
[TimeControl "40/6000+30:3000+30"]

1. e4 c5 2. Nf3 d6 3. d4 cxd4 4. Nxd4 Nf6 5. Nc3 a6 6. f3 e5 7. Nb3 Be6 8. Be3 Be7 9. Qd2 Nbd7 10. g4 O-O 11. O-O-O b5 12. g5 Nh5 {[%emt 0:00:05] now supersedes 12...b4.} (12... b4 $5 13. gxf6 bxc3 14. Qxc3 Nxf6 $11) 13. Kb1 {[%emt 0:00:33] B90: Sicilian Najdorf: Unusual White 6th moves, 6 Be3 Ng4 and 6 Be3 e5.} Nb6 14. Na5 Rc8 {[%emt 0:09:25] Prevents Nc6} 15. Nd5 {[%emt 0:01:01] White is slightly better.} Nxd5 16. exd5 Bxd5 17. Qxd5 Qxa5 18. c4 Nf4 19. Bxf4 exf4 20. Bd3 g6 {[%emt 0:02:48] Black is weak on the light squares} 21. h4 Rc5 22. Qe4 bxc4 23. Bxc4 Rb8 $146 {[%emt 0:03:29][%cal Oa5b4] Wards off Bb3} (23... Rfc8 24. Bb3 Bf8 25. Qxf4 Rf5 26. Qe4 Qb5 27. Rd5 Rc5 28. Rxf5 {½-½ Koch,C (2268)-Usmanoff,R (2298) RA-2017-0-00495 2016}) 24. Bb3 Bf8 25. Qxf4 Rf5 26. Qh2 Qe5 (26... Rxf3 {keeps more tension.} 27. Qc2 Qe5 28. Rhf1 Rxf1 29. Rxf1 d5) 27. Qxe5 Rxe5 28. Rc1 Rf5 29. Rc6 a5 30. Ra6 Bg7 31. Rd1 Be5 32. Rd3 (32. Rxa5 $11 Rxf3 33. Rc1) 32... Bg3 33. Bd5 Rb5 (33... Bxh4 34. Rxa5 Bxg5 (34... Rxg5 $2 35. b3 $17) 35. a4) 34. Be4 {[%emt 0:04:03] [#] aiming for a4.} Rfc5 35. Ra8+ Kg7 36. Rd8 {[%emt 0:03:05] This costs White the game.} (36. Ra7 $1 $15) 36... Bxh4 $19 37. f4 Rb4 38. Re8 {[%emt 0:01:40] [#]} d5 39. Bxd5 (39. Bg2 Rxf4) 39... Rxf4 {[%emt 0:00:00] ( -> ...Rf1+)} 40. a3 Bxg5 41. Ra8 h5 42. Bb3 (42. Ra7 {was forced.}) 42... Rf2 {[%emt 0:04:16] Black is clearly winning.} 43. Ra7 (43. Ba4 $142) 43... Bc1 44. Rc3 Rxc3 ({Not} 44... Bxb2 45. Rxc5 Bd4 (45... Bxa3 $2 {too greedy.} 46. Rb5 $18) 46. Rcc7 Bxa7 47. Rxa7 $17) (44... Rxb2+ 45. Kxc1 Rxc3+ 46. Kxb2 $11) 45. bxc3 Bxa3 {[%emt 0:00:07] Threatens to win with ...Rb2+.} 46. Rxa5 (46. Bc4 $142) 46... Rb2+ {[%emt 0:01:52] Weighted Error Value: White=0.48/Black=0.11 (very precise)   Mistake:       	White=4     	---        Inaccurate:     	White=2     	Black=3      OK:         	White=9     	Black=16     Best:        	---       	Black=4} 0-1

[Event "4NCL Div 2 2024-25"]
[Site "England"]
[Date "2025.01.26"]
[Round "4.7"]
[White "Pozimski, Szymon"]
[Black "Pilley, Jack"]
[Result "0-1"]
[Annotator "TA"]
[ECO "E11"]
[WhiteElo "2003"]
[BlackElo "1937"]
[PlyCount "56"]
[EventDate "2024.11.23"]
[EventType "team-tourn"]
[EventCountry "ENG"]
[SourceTitle "playchess.com"]
[Source "ChessBase"]
[SourceQuality "1"]
[TimeControl "40/6000+30:3000+30"]

1. c4 Nf6 2. Nf3 e6 3. g3 d5 4. d4 Bb4+ 5. Bd2 a5 6. Qc2 O-O 7. Bg2 b6 {[%emt 0:02:39] E11: Bogo-Indian.} 8. Ne5 Bb7 9. O-O Be7 {[%emt 0:16:32] The position is equal.} 10. Nc3 Nbd7 11. Nd3 $146 (11. cxd5 exd5 12. Rac1 Rc8 13. Bh3 c5 14. Qa4 cxd4 15. Nxd7 Rc4 16. Qb5 dxc3 17. Bxc3 {0-1 Zilberman,Y (2348)-Boruchovsky,A (2525) Dov Porath Memorial rapid 2018 (2)}) 11... c5 12. dxc5 dxc4 (12... bxc5 $11 13. cxd5 exd5) 13. Bxb7 $16 cxd3 14. exd3 Rb8 15. c6 Nc5 {[%emt 0:00:29][%csl LRb7,LRd3] [#]} 16. Bf4 (16. Na4 $1 $16) 16... Bd6 $11 17. Bxd6 Qxd6 18. Ne4 Nfxe4 19. dxe4 Nxb7 20. cxb7 Rxb7 21. Rfd1 $36 {[%emt 0:00:36][%mdl 2048] Black is under pressure.} Qe5 22. Rac1 Rbb8 23. Rd7 h6 24. b3 h5 25. Qc7 Qxe4 26. Rxf7 Rfc8 $2 {[%emt 0:00:17][%mdl 8192] [#]} (26... Rxf7 $11 {and Black is okay.} 27. Qxb8+ Rf8 28. Qxb6 h4) 27. Qf4 $4 (27. Qxc8+ $2 {is the wrong capture.} Rxc8 $19) (27. Rxg7+ $18 Kh8 28. Rh7+ Qxh7 29. Qxc8+ Rxc8 30. Rxc8+ Kg7 31. Rc7+ Kh8 32. Rxh7+ Kxh7 33. Kg2) 27... Qxf4 $19 28. Rxc8+ Kxf7 {[%emt 0:00:02] Weighted Error Value: White=0.55/Black=0.42  Loses game:     	---       	Black=1      Missed win:     	White=1     	---        Mistake:       	White=1     	Black=1      Inaccurate:     	White=3     	Black=2      OK:         	White=9     	Black=5      Best:        	White=1     	Black=2} 0-1

[Event "4NCL Div 2 2024-25"]
[Site "England"]
[Date "2025.01.26"]
[Round "4.8"]
[White "Barwick, Carmel"]
[Black "Hariharan, Shambavi"]
[Result "1/2-1/2"]
[Annotator "TA"]
[ECO "C44"]
[WhiteElo "1895"]
[BlackElo "1940"]
[PlyCount "115"]
[EventDate "2024.11.23"]
[EventType "team-tourn"]
[EventCountry "ENG"]
[SourceTitle "playchess.com"]
[Source "ChessBase"]
[SourceQuality "1"]
[TimeControl "40/6000+30:3000+30"]

1. e4 e5 2. Nf3 Nc6 3. d4 exd4 4. Bc4 Bc5 5. c3 d3 6. Qxd3 d6 7. b4 {[%emt 0:05:01] C44: Ponziani Opening and Scotch Gambit.} Bb6 8. Bg5 Nge7 9. O-O {[%emt 0:01:19] White is slightly better.} Be6 (9... h6 $14 {feels stronger.} 10. Bh4 g5) 10. Bb5 $146 {[%emt 0:07:30] White is more active.} (10. Bxe6 $16 fxe6 11. a4) (10. Bb3 O-O 11. Nbd2 Bxb3 12. Nxb3 Qd7 13. b5 Nd8 14. e5 Ne6 15. exd6 cxd6 16. Rad1 {1-0 Rehberg,R (1770)-Dinger,F GER-ch U12 Willingen 2001 (8)}) 10... f6 11. Be3 O-O 12. Bc4 Bxc4 13. Qxc4+ Kh8 14. Nd4 (14. Re1 $11) 14... Nxd4 $15 15. Bxd4 d5 16. exd5 Qxd5 17. Qxd5 Nxd5 18. a3 Bxd4 19. cxd4 c6 20. g3 Rad8 21. Nd2 Nc3 22. Nb3 Ne2+ 23. Kg2 Nxd4 24. Nxd4 Rxd4 $11 {[%emt 0:00:04][%mdl 4096] Endgame KRR-KRR. Black is a pawn up.} 25. Rad1 Rfd8 26. Rxd4 Rxd4 {[%emt 0:00:05] KR-KR. Black is a pawn up.} 27. Re1 {[%emt 0:00:07][%cal Re1e8] [#]} h6 28. Re7 {[%emt 0:00:13] Dodges Rd7} Rd3 29. Rxb7 Rxa3 30. Rc7 Rb3 31. Rxc6 Rxb4 32. Ra6 Rb7 33. Kf3 Kh7 34. h4 h5 35. g4 $2 {[%emt 0:02:04][%mdl 8192] [#]} (35. Kf4 $11) 35... Rb3+ $1 $19 36. Kg2 $2 (36. Kf4 {was worth a try.} hxg4 (36... Rb4+ 37. Kg3 $15) 37. Kxg4) 36... hxg4 37. Rxa7 f5 (37... Rh3 $142 38. Rf7 Kh6 (38... Rxh4 39. Kg3 $11)) 38. Ra5 $2 (38. Rf7 Kg6 39. Rc7) 38... g6 $2 (38... Rf3 $19 39. Rd5 g6 40. Rd7+ Kh6) 39. h5 $1 $15 gxh5 40. Rxf5 Kg6 41. Ra5 Rf3 42. Rb5 h4 43. Rb6+ Kg5 44. Rb5+ Rf5 45. Rb3 Rd5 46. Ra3 h3+ 47. Kg3 {[%emt 0:00:00] The position is equal.} Rd1 48. Ra5+ Kf6 49. Ra6+ (49. Kxg4 $2 h2 50. Ra6+ Ke5 51. Ra5+ Ke4 52. Ra4+ Kd3 53. Ra3+ Kc4 $19) 49... Kf5 50. Ra5+ Ke6 51. Ra6+ (51. Kxg4 $2 h2 52. Ra6+ Kd5 53. Ra5+ Kc4 $19) 51... Kd5 {[%emt 0:00:00] ...Rg1+ is the strong threat.} 52. Ra5+ (52. Kxg4 $2 h2 53. Ra5+ Kc4 $19) 52... Kc6 53. Kh2 {[%emt 0:00:00] Against Rg1} (53. Kxg4 $2 {is the wrong capture.} h2 54. Ra6+ Kc5 55. Ra5+ Kc4 $19) 53... Rd5 54. Ra6+ Kc5 55. Rh6 Rg5 56. Kg3 Kd4 57. f3 gxf3+ 58. Kxf3 {[%emt 0:00:06] Weighted Error Value: White=0.24 (precise) /Black=0.25 (precise)   Loses game:     	White=1     	---        Missed win:     	---       	Black=1      Mistake:       	White=4     	Black=2      Inaccurate:     	White=1     	Black=4      OK:         	White=21    	Black=14     Best:        	White=2     	Black=1      Strong:       	White=1     	Black=1} 1/2-1/2